 Dungeon Crawl Stone Soup version 0.28.0-53-g5a82cb258f (webtiles) character file.

Game seed: 4763097990749965874

14093 Legadrian the Fighter (level 11, -3/111 HPs)
             Began as a Minotaur Berserker on June 29, 2022.
             Was a High Priest of Trog.
             Succumbed to a wolf spider's poison
             ... on level 2 of the Lair of Beasts.
             The game lasted 00:39:16 (12058 turns).

Legadrian the Fighter (Minotaur Berserker)         Turns: 12058, Time: 00:39:16

Health: -3/111     AC: 15    Str: 27    XL:     11   Next: 84%
Magic:  10/10      EV: 14    Int:  6    God:    Trog [*****.]
Gold:   451        SH:  0    Dex:  9    Spells: 10/10 levels left

rFire   x . .      SeeInvis .   Y - +9 hand axe "Doapaalu" {vorpal, rPois rC+ Int+2}
rCold   + + .      Faith    .   (no shield)
rNeg    . . .      Spirit   .   J - +2 robe {Will+}
rPois   +          Reflect  .   (helmet restricted)
rElec   .          Harm     .   v - +2 cloak {Will+}
rCorr   .          Rampage  .   N - +1 pair of gloves
Will    +++..                   (no boots)
Stlth   +.........              S - amulet of the acrobat
HPRegen 0.28/turn               s - ring of ice
MPRegen 0.12/turn               E - +4 ring of protection

@: lethally poisoned (-3 -> -43)
A: horns 2, retaliatory headbutt, iridescent scales 1, strong-willed 1, wild
magic 1
a: Renounce Religion, Berserk, Trog's Hand, Brothers in Arms


You were on level 2 of the Lair of Beasts.
You worshipped Trog.
Trog was extremely pleased with you.
You visited 4 branches of the dungeon, and saw 12 of its levels.
You also visited: Ossuary.

You collected 716 gold pieces.
You spent 265 gold pieces at shops.

Inventory:

Hand Weapons
 t - a +2 mace of protection
 G - a +5 spear
 H - a +4 battleaxe
 K - a +2 long sword
 L - a +4 scimitar of freezing
 M - a +1 short sword
 X - a +2 trident of protection
 Y - the +9 hand axe "Doapaalu" (weapon) {vorpal, rPois rC+ Int+2}
   (You found it on level 7 of the Dungeon)

   It inflicts extra damage upon your enemies.
   Int:       It affects your intelligence (+2).
   rC:        It protects you from cold.
   rPois:     It protects you from poison.
Missiles
 d - 5 poisoned darts (quivered)
 e - 78 sling bullets
 h - 3 throwing nets
 m - 232 arrows
 q - 32 bolts
 D - 9 javelins
Armour
 v - a +2 cloak of willpower (worn)
 J - a +2 robe of willpower (worn)
 N - a +1 pair of gloves (worn)
Jewellery
 k - a ring of fire
 s - a ring of ice (left hand)
 E - a +4 ring of protection (right hand)
 O - an amulet of guardian spirit
 S - an amulet of the acrobat (around neck)
 T - a +6 ring of dexterity
Wands
 a - a wand of iceblast (5)
 w - a wand of acid (9)
 x - a wand of flame (29)
 B - a wand of paralysis (12)
 C - a wand of polymorph (22)
Scrolls
 b - 4 scrolls of noise
 f - a scroll of summoning {unknown}
 l - 4 scrolls of fear
 r - 3 scrolls of magic mapping
 A - 2 scrolls of brand weapon
 P - 2 scrolls of enchant weapon
 R - 2 scrolls of teleportation
Potions
 c - 5 potions of heal wounds
 g - 5 potions of degeneration {unknown}
 i - a potion of magic {unknown}
 j - 3 potions of haste
 o - 3 potions of invisibility
 F - 2 potions of curing
 I - a potion of lignification
 Q - 3 potions of flight {unknown}
 V - 2 potions of mutation


   Skills:
 + Level 14.3 Fighting
 - Level 12.2(13.5) Axes
 - Level 9.4(12.1) Maces & Flails
 - Level 2.4 Armour
 - Level 8.8 Dodging
 - Level 4.3 Unarmed Combat


You had 10 spell levels left.
You didn't know any spells.
Your spell library was empty.

Dungeon Overview and Level Annotations

Branches:
Dungeon (8/15)             Temple (1/1) D:4            Lair (2/6) D:8
 Spider (1/4) Lair:2      Ossuary (visited)
  Swamp: Lair:2-4    Shoals: Lair:2-4

Altars:
Ashenzari
Cheibriados
Dithmenos
Elyvilon
Gozag
Hepliaklqana
Kikubaaqudgha
Makhleb
Nemelex Xobeh
Okawaru
Qazlal
Ru
Sif Muna
Trog
Uskayaw
Vehumet
Wu Jian
Xom
Zin
The Shining One

Shops:
D:6 [

Annotations:
D:6 2 transporters, Ashen's ghost, novice OgIE


Innate Abilities, Weirdness & Mutations

You have a pair of horns on your head.
You reflexively headbutt those who attack you in melee.
You are partially covered in iridescent scales. (AC +2)
You are strong-willed. (Will+)
Your spells are a little harder to cast, but a little more powerful.


Message History

The meliai hits you with a +0 hand axe. The meliai completely misses you.
You slash the meliai!
You kill the meliai!
Trog accepts your kill.
A wolf spider comes into view.
The wolf spider hisses angrily.
Items here: )) [[ †.
Okay, then.
Things that are here:
a +0 hand axe; a +0 robe Throw: 5 darts (poison)
Press: ? - help, Q - select action, (/) - cycle Shift-Dir - straight line, f - you
Okay, then.
Things that are here:
a +0 hand axe; a +0 robe A wolf spider is nearby!
The wolf spider completely misses you. x2; The wolf spider misses you.
You furiously retaliate!
You headbutt the wolf spider! The wolf spider bites you!
* * * LOW HITPOINT WARNING * * *
The wolf spider hits you!
* * * LOW HITPOINT WARNING * * *
The wolf spider bites you but does no damage.
Items here: )) [[ †.
The wolf spider completely misses you. You furiously retaliate!
You headbutt the wolf spider. The wolf spider barely misses you.
The wolf spider hits you but does no damage.
The wolf spider completely misses you.
There is a crawl-hole back to the Lair here.
You can't go down here!
The wolf spider hits you.
* * * LOW HITPOINT WARNING * * *
The wolf spider bites you!
* * * LOW HITPOINT WARNING * * *
You are lethally poisoned!
The wolf spider poisons you!
The wolf spider hits you but does no damage.
The wolf spider closely misses you.
You climb upwards.
Welcome back to the Lair of Beasts!
You die...

#...##..................#
#..###.........#........##
...# ##...........##.....#
#..# .......^...##^#...##
+... #.....^....^.^^##..##
...P .............^^#..P#
##...^^#..## ##^^^......#
##^^@^#.....#
#^^s^^^#..†.##
...###^..^^##....#
<.........^##...##
...^........#...#
.......^........#
.................
.................#
................##


You could see a wolf spider.

Vanquished Creatures
  3 hydras
  2 two-headed ogres
  An elephant (D:8)
  A black mamba (Lair:1)
  3 cane toads
  3 meliai (Spider:1)
  20 yaks
  2 basilisks
  Menkaure (Ossuary)
  10 water moccasins
  A sky beast (D:7)
  3 ice beasts
  2 black bears
  2 ogres
  A necrophage (D:7)
  15 wolves
  A centaur (D:8)
  2 phantoms
  A gnoll sergeant (D:7)
  4 scorpions
  4 bullfrogs
  5 killer bees (D:8)
  15 wights
  3 bullfrog zombies
  4 hounds
  5 orc priests
  Crazy Yiuf (D:3)
  A gnoll shaman (D:6)
  2 jellies
  3 iguanas
  5 orc wizards
  2 hound skeletons
  3 mummies (Ossuary)
  12 gnolls
  2 adders
  2 shadow imps
  2 white imps (D:7)
  3 ufetubi
  An adder zombie (D:4)
  2 worms
  4 dart slugs
  18 orcs
  6 endoplasms
  2 giant cockroaches (D:1)
  5 goblins
  7 hobgoblins
  4 jackals (D:3)
  7 kobolds
  2 quokkas
  5 ball pythons
  3 bats
  3 frilled lizards
  A gnoll skeleton (Ossuary)
  2 gnoll zombies (Ossuary)
  4 goblin skeletons (Ossuary)
  7 goblin zombies (Ossuary)
  6 hobgoblin skeletons (Ossuary)
  6 hobgoblin zombies (Ossuary)
  9 kobold skeletons (Ossuary)
  3 kobold zombies (Ossuary)
  4 orc skeletons (Ossuary)
  3 orc zombies (Ossuary)
  5 rats
  A rat skeleton (Ossuary)
  6 rat zombies
278 creatures vanquished.

Vanquished Creatures (others)
  A fungus (Lair:2)
  2 plants (Lair:2)
3 creatures vanquished.

Grand Total: 281 creatures vanquished

Notes
Turn   | Place    | Note
-------+----------+-------------------------------------------
     0 | D:1      | Legadrian the Minotaur Berserker began the quest for the
                  | Orb.
     0 | D:1      | Reached XP level 1. HP: 19/19 MP: 0/0
   121 | D:1      | Found a faded altar of an unknown god.
   173 | D:1      | Reached XP level 2. HP: 20/27 MP: 1/1
   378 | D:1      | Reached skill level 4 in Fighting
  1135 | D:2      | Reached ** piety under Trog
  1136 | D:2      | Reached XP level 3. HP: 30/33 MP: 2/2
  1636 | D:3      | Found a snail-covered altar of Cheibriados.
  2090 | D:3      | Reached XP level 4. HP: 41/41 MP: 3/3
  2427 | D:3      | Found a runed translucent door.
  2428 | D:3      | Noticed Crazy Yiuf
  2599 | D:3      | Reached skill level 5 in Fighting
  2818 | D:3      | Killed Crazy Yiuf
  2892 | D:4      | You fall into a shaft and drop 1 floor!
  2892 | D:5      | Entered Level 5 of the Dungeon
  2898 | D:5      | Reached XP level 5. HP: 50/50 MP: 4/4
  2935 | D:5      | Reached skill level 6 in Fighting
  2982 | D:5      | Reached skill level 7 in Fighting
  3001 | D:5      | Reached XP level 6. HP: 13/60 MP: 5/5
  3081 | D:5      | Noticed an ice beast
  3266 | D:5      | Noticed a water moccasin
  3269 | D:5      | Reached skill level 8 in Fighting
  3277 | D:5      | Killed a water moccasin
  3535 | D:5      | Reached skill level 9 in Fighting
  3535 | D:5      | Reached XP level 7. HP: 35/70 MP: 6/6
  3774 | D:5      | Noticed a two-headed ogre
  3783 | D:5      | Killed a two-headed ogre
  3784 | D:5      | Reached skill level 11 in Fighting
  3784 | D:5      | Reached XP level 8. HP: 69/83 MP: 7/7
  4046 | D:5      | Reached skill level 12 in Fighting
  4415 | D:6      | Found a broken altar of Ashenzari.
  4517 | D:6      | Reached skill level 1 in Maces & Flails
  4725 | D:6      | Found an ornate altar of the Wu Jian Council.
  4771 | D:6      | Reached skill level 5 in Maces & Flails
  4982 | D:6      | Reached skill level 1 in Axes
  5074 | D:6      | Found Jiewegol's Armour Shop.
  5079 | D:6      | Bought a +2 robe of willpower for 265 gold pieces
  5123 | D:6      | Reached XP level 9. HP: 86/88 MP: 8/8
  5372 | D:6      | Found a shadowy altar of Dithmenos.
  5387 | D:6      | Identified the +1 great mace of Shame {spect, rElec rF+}
  5388 | D:6      | Found a transporter.
  5388 | D:6      | Noticed Ashen's ghost (novice OgIE)
  5395 | D:6      | Found a transporter.
  5952 | D:4      | Found a staircase to the Ecumenical Temple.
  6169 | D:4      | Reached *** piety under Trog
  6714 | Temple   | Entered the Ecumenical Temple
  7406 | D:7      | Identified the +9 hand axe "Doapaalu" {vorpal, rPois rC+
                  | Int+2}
  7476 | D:7      | Found a sacrificial altar of Ru.
  7589 | D:7      | Reached skill level 5 in Axes
  8007 | D:8      | Noticed an elephant
  8008 | D:8      | Found a staircase to the Lair.
  8021 | D:8      | Killed an elephant
  8026 | D:8      | Reached XP level 10. HP: 97/97 MP: 9/9
  8162 | D:8      | Found a radiant altar of Vehumet.
  8300 | D:8      | Found an iron altar of Okawaru.
  8512 | D:8      | Found a sand-covered staircase.
  8520 | D:8      | Reached **** piety under Trog
  8530 | Ossuary  | Entered an ossuary
  8774 | Ossuary  | Noticed Menkaure
  8782 | Ossuary  | Killed Menkaure
  8795 | Ossuary  | Reached ***** piety under Trog
  9302 | D:8      | Noticed a two-headed ogre
  9308 | D:8      | Killed a two-headed ogre
  9309 | D:8      | Reached skill level 10 in Axes
  9432 | D:8      | Found a glowing silver altar of Zin.
  9433 | D:8      | Found a burning altar of Makhleb.
  9434 | D:8      | Found a stormy altar of Qazlal.
  9434 | D:8      | Found a glowing golden altar of the Shining One.
  9461 | Lair:1   | Entered Level 1 of the Lair of Beasts
  9475 | Lair:1   | Noticed a five-headed hydra
  9482 | Lair:1   | Killed a ten-headed hydra
  9608 | Lair:1   | Noticed a cane toad
  9614 | Lair:1   | Killed a cane toad
  9639 | Lair:1   | Noticed a black mamba
  9643 | Lair:1   | Killed a black mamba
  9644 | Lair:1   | Reached skill level 13 in Fighting
  9683 | Lair:1   | Noticed a four-headed hydra
  9698 | Lair:1   | HP: 4/151 [seven-headed hydra (11)]
  9700 | Lair:1   | Killed an eight-headed hydra
 10220 | Lair:1   | Reached XP level 11. HP: 98/107 MP: 10/10
 10581 | Lair:1   | Reached skill level 14 in Fighting
 10824 | Lair:1   | Reached skill level 5 in Dodging
 11373 | Lair:2   | Noticed a six-headed hydra
 11388 | Lair:2   | Killed a ten-headed hydra
 11483 | Lair:2   | Received a gift from Trog
 11705 | Lair:2   | Gained mutation: You are strong-willed. (Will+) [potion of
                  | mutation]
 11705 | Lair:2   | Gained mutation: Your spells are a little harder to cast,
                  | but a little more powerful. [potion of mutation]
 11705 | Lair:2   | Gained mutation: You are partially covered in iridescent
                  | scales. (AC +2) [potion of mutation]
 11989 | Lair:2   | Found a hole to the Spider Nest.
 12035 | Spider:1 | Entered Level 1 of the Spider Nest
 12047 | Spider:1 | Noticed a wolf spider
 12058 | Lair:2   | Succumbed to a wolf spider's poison

Illustrated notes

Levels and vault maps discovered:
D:1:      wheals_arrival_linesprint, layout_loops_ring,
          ebering_ecumenical_altar_hall, serial_bayou_pond_c, eino_curves_02
D:2:      layout_basic
D:3:      layout_basic, mainiacjoe_overflow_concentric_impassable,
          uniq_crazy_yiuf_cottage
D:4:      layout_basic, minmay_temple_entry_wispy, st_stairs_11,
          minmay_fractal_squares_gapless_5
D:5:      layout_gridville, kennysheep_generic_room_5
D:6:      layout_gridville, nzn_wu_jian_contemplation, amcnicky_altar_gilded,
          grunt_dithmenos_smoke, serial_shops, kennysheep_little_box,
          gammafunk_ghost_smash
D:7:      layout_cave_pools, lemuel_doored_altar, st_stairs_3,
          chequers_serial_rivers_room_a
D:8:      layout_loops_cross, nicolae_vehumet_radiance,
          mainiacjoe_overflow_alcove_3, okawaru_ov_weapons_minmay,
          david_lair_generic, enter_ossuary_4, serial_glass, glass_columns_c,
          glass_columns_a
Temple:   jpeg_temple_island
Lair:1:   hellmonk_ruined_rings, layout_cave_pods, lemuel_fruit_tree
Lair:2:   layout_chaotic_city, spider_nest_entry_webs
Spider:1: layout_spider_delve, nicolae_looking_at_the_future

Skill      XL: |  1  2  3  4  5  6  7  8  9 10 11 |
---------------+----------------------------------+-----
Fighting       | 4 5 7 9 11 12 13 14 | 14.3
Unarmed Combat | 4 |  4.3
Maces & Flails | 6 9 |  9.4
Axes           | 1 7 11 12 | 12.2
Dodging        | 8 |  8.8
Armour         | |  2.4

Action                   |  1- 3 |  4- 6 |  7- 9 | 10-12 || total
-------------------------+-------+-------+-------+-------++-------
Melee: Unarmed           |    75 |       |       |       ||    75
       Headbutt          |    18 |    10 |    22 |    47 ||    97
       Mace              |     1 |    73 |   150 |       ||   224
       Punch             |     1 |     2 |     7 |     3 ||    13
       Battleaxe         |       |       |    26 |       ||    26
       Hand axe          |       |       |    23 |   264 ||   287
Throw: Dart              |       |       |       |     1 ||     1
Invok: Berserk           |       |     1 |     7 |     7 ||    15
       Trog's Hand       |       |     1 |     1 |       ||     2
       Brothers in Arms  |       |       |       |     1 ||     1
  Use: Scroll            |     4 |       |     4 |     8 ||    16
       Potion            |       |       |     1 |     5 ||     6
Armor: Animal skin       |    13 |    29 |    34 |       ||    76
       Robe              |       |       |    60 |    73 ||   133
Dodge: Dodged            |    44 |    49 |   165 |   192 ||   450
